AoeStats
← Roska

Arena

509447130Analyzed
2v2 RM · 7d ago on Sep 26, 2026· 49m 9s· 4 players
Game mode
Random Map
Map size
Medium (4 player)
Population
200
Speed
Normal
Resources
Standard
Victory
Conquest
Starting age
Dark Age
Ending age
Imperial Age
RankedLock teamsTeams togetherTeam positionsShared explorationLock speedFull tech treeHidden civsTurbo modeCheats
Victory
Defeat
🇧🇷 Britons · Brazil
722
+15
🇹🇷 Burgundians · Türkiye
717
+15
🇫🇮 Japanese · Finland
707
-15
🇫🇮 Cumans · Finland
696
-15
Juguansissi
9:41 Feudal Age
10:51 Loom
12:56 Double-Bit Axe
12:52 Horse Collar
17:15 Wheelbarrow
22:42 Castle Age
22:38 Scale Mail Armor
22:49 Forging
24:25 Heavy Plow
24:38 Bow Saw
27:05 Iron Casting
27:39 Caravan
27:43 Fletching
29:14 Padded Archer Armor
30:20 Hand Cart
38:34 Imperial Age
40:31 Crop Rotation
40:20 Chain Mail Armor
40:01 Bodkin Arrow
40:12 Scale Barding Armor
42:18 Gold Mining
43:33 Two-Man Saw
43:02 Conscription
46:00 Atonement
48:39 Chain Barding Armor
49:21 Blast Furnace
Roska
2:10 Loom
11:18 Feudal Age
12:11 Horse Collar
12:34 Double-Bit Axe
14:24 Wheelbarrow
14:10 Fletching
17:30 Forging
18:50 Man-at-Arms
22:06 Castle Age
21:35 Scale Mail Armor
24:50 Hand Cart
24:55 Squires
24:42 Gambesons
24:22 Pikeman
28:26 Fortified Wall
28:38 Heavy Plow
28:50 Bow Saw
29:52 Gold Mining
29:58 Stone Mining
30:18 Murder Holes
33:40 Iron Casting
33:21 Chain Mail Armor
38:04 Imperial Age
41:11 Imperial Age
44:25 Conscription
48:31 Town Watch
Vico
2:44 Loom
6:36 Double-Bit Axe
9:49 Wheelbarrow
9:01 Horse Collar
13:01 Feudal Age
12:00 Gold Mining
13:42 Heavy Plow
14:05 Bow Saw
17:47 Forging
17:26 Arson
24:21 Castle Age
26:27 Two-Man Saw
26:02 Crop Rotation
25:56 Squires
30:57 Iron Casting
33:27 Husbandry
33:57 Scale Barding Armor
39:29 Imperial Age
38:53 Gold Shaft Mining
40:08 Pikeman
41:35 Hand Cart
43:09 Blast Furnace
42:13 Cavalier
43:39 Chain Barding Armor
43:49 Paladin
44:24 Town Watch
46:39 Conscription
SiulO1NE
10:05 Feudal Age
12:19 Loom
18:53 Castle Age
16:47 Double-Bit Axe
17:30 Horse Collar
18:41 Gold Mining
20:21 Bow Saw
22:08 Town Watch
23:10 Heavy Plow
27:52 Wheelbarrow
30:47 Imperial Age
28:28 Stone Mining
29:26 Ballistics
30:30 Gold Shaft Mining
31:37 Hand Cart
32:09 Squires
33:15 Chemistry
32:55 Pikeman
34:07 Man-at-Arms
34:57 Elite Longbowman
37:13 Two-Man Saw
36:20 Town Patrol
36:50 Long Swordsman
37:40 Scale Mail Armor
37:51 Forging
38:09 Conscription
37:51 Fletching
38:19 Padded Archer Armor
39:00 Two-Handed Swordsman
42:10 Chain Mail Armor
42:30 Iron Casting
41:51 Bodkin Arrow
43:24 Plate Mail Armor
43:05 Heavy Scorpion
46:01 Bracer
46:23 Yeomen
49:08 Blast Furnace
48:24 Leather Archer Armor
47:38 Champion
48:17 Capped Ram
49:44 Warwolf
Connection lost

Rejoining the realm…

Still unreachable

The connection could not be restored.

Session expired

The server has moved on; the page needs a fresh start.